RHODE ISLAND BEARS vs BOSTON WARRIORS

Created - 13 octobre 2025 at 22:34

Goals
1 2 3 T
RHODE ISLAND BEARS 0 2 2 4
BOSTON WARRIORS 2 0 0 2
Shots
1 2 3 T
RHODE ISLAND BEARS 13 17 14 44
BOSTON WARRIORS 8 12 11 31

1st period

1. BOSTON WARRIORS , Justin Bailey 1 (Adam Engstrom 1) at 13:08
2. BOSTON WARRIORS , Justin Bailey 2 (Sean Farrell 1, Liam Foudy 1) at 17:33

Penalties :
Leo Loof (BOS) for Diving (Minor) at 8:17, Leo Loof (BOS) for Holding (Minor) at 14:08

2nd period

3. RHODE ISLAND BEARS , Aatu Jamsen 1 (Aleksanteri Kaskimaki 1, Jeremie Poirier 1) at 4:12
4. RHODE ISLAND BEARS , Emil Andrae 1 (Samuel Poulin 1, Conor Timmins 2) at 4:38

Penalties :
Jared Wright (BOS) for Hooking (Minor) at 4:51, Jorian Donovan (BOS) for Hooking (Minor) at 7:34, Jorian Donovan (BOS) for Roughing (Minor) at 12:50

3rd period

5. RHODE ISLAND BEARS , Rory Kerins 1 (William Villeneuve 1, Jacob Moverare 1) at 11:56
6. RHODE ISLAND BEARS , Cole Schwindt 2 (Emil Andrae 3, Matthew Phillips 2) at 17:42

Penalties :
Justin Sourdif (RHI) for Hooking (Minor) at 1:28, William Villeneuve (RHI) for Elbowing (Minor) at 9:06

Goalie Stats

Artur Akhtyamov (RHI), 29 saves from 31 shots - (0,935), W, 1-1-0, 60:00 minutes
Calle Clang (BOS), 40 saves from 44 shots - (0,909), L, 0-2-0, 60:00 minutes

Players Stats for RHODE ISLAND BEARS

Player Name              G  A  P  +/- PIM S  H  SB GA TA FO     MP     PP MP  PK MP  
------------------------------------------------------------------------------------
Aatu Jamsen              1  0  1   1  0   2  0  0  0  0  0/0    12:46   0:00   0:18 
Aleksanteri Kaskimaki    0  1  1   1  0   4  1  0  0  0  10/12  14:20   0:00   1:52 
Alex Jefferies           0  0  0   0  0   0  1  0  0  0  1/2    20:19   5:29   0:00 
Carter Mazur             0  0  0   1  0   3  0  0  0  0  0/0    12:28   0:00   0:00 
Cole Schwindt            1  0  1   1  0   7  0  1  0  0  10/20  18:42   4:26   1:48 
Conor Timmins            0  1  1   2  0   8  0  2  0  0  0/0    23:53   5:40   2:30 
Cross Hanas              0  0  0   0  0   1  4  0  0  0  0/1    20:19   5:29   0:00 
Emil Andrae              1  1  2   2  0   3  0  1  0  0  0/0    23:46   5:40   2:23 
Francesco Pinelli        0  0  0   0  0   1  1  0  0  0  1/7     6:21   0:00   0:00 
Jacob Moverare           0  1  1   0  0   3  0  2  0  0  0/0    19:20   4:15   1:35 
Jeremie Poirier          0  1  1   0  0   0  4  0  0  0  0/0    16:54   0:00   0:00 
Justin Sourdif           0  0  0   1  2   5  2  0  0  0  2/2    16:53   4:26   0:00 
Matthew Phillips         0  1  1   1  0   1  0  0  0  0  3/5    25:21   4:26   2:06 
Rory Kerins              1  0  1   0  0   4  0  0  0  0  18/31  22:11   5:29   1:52 
Ryan Greene              0  0  0   0  0   0  0  0  0  0  0/0     0:00   0:00   0:00 
Samuel Poulin            0  1  1   0  0   0  0  0  0  0  0/1     6:21   0:00   0:00 
Topias Vilen             0  0  0   0  0   0  3  1  0  0  0/0    17:50   0:00   0:56 
William Villeneuve       0  1  1   0  2   2  0  0  0  0  0/0    18:16   4:15   0:32 

Players Stats for BOSTON WARRIORS

Player Name              G  A  P  +/- PIM S  H  SB GA TA FO     MP     PP MP  PK MP  
------------------------------------------------------------------------------------
Adam Engstrom            0  1  1  -1  0   1  5  4  0  0  0/0    24:46   1:52   5:52 
Adam Wilsby              0  0  0  -1  0   3  2  5  0  0  0/0    23:54   1:48   5:04 
Daniel Torgersson        0  0  0  -1  0   0  0  0  0  0  0/0     7:50   0:00   0:00 
Ethan Del Mastro         0  0  0   0  0   0  0  2  0  0  0/0    23:48   2:06   5:03 
Jared Wright             0  0  0  -1  2   4  2  0  0  0  0/1    10:32   0:00   0:00 
Jorian Donovan           0  0  0  -1  4   0  3  1  0  0  0/0    12:42   0:04   0:14 
Justin Bailey            2  0  2   0  0   10 6  0  0  0  5/7    20:36   1:48   3:48 
Justin Janicke           0  0  0  -1  0   3  0  0  0  0  3/10   10:43   0:10   0:00 
Kieffer Bellows          0  0  0   0  0   0  5  0  0  0  0/1    14:44   2:00   0:00 
Leo Loof                 0  0  0   0  4   1  4  0  0  0  0/0    21:46   2:06   2:57 
Liam Foudy               0  1  1   0  0   0  2  0  0  0  1/1    22:59   1:52   6:07 
Matt Benning             0  0  0  -1  0   0  0  2  0  0  0/0    13:00   0:00   0:40 
Olle Lycksell            0  0  0   0  0   4  0  0  0  0  4/22   18:28   2:06   3:38 
Oscar Fisker Molgaard    0  0  0  -1  0   2  0  0  0  0  5/10    8:00   0:00   0:10 
Quentin Musty            0  0  0  -1  0   0  1  0  0  0  1/1     7:50   0:00   0:00 
Raivis Ansons            0  0  0  -1  0   0  0  0  0  0  0/0    10:33   0:00   0:00 
Sean Farrell             0  1  1   0  0   3  0  0  0  0  17/28  22:59   1:52   6:07 
Tyler Tullio             0  0  0   0  0   0  0  0  0  0  0/0    14:50   2:06   0:00 

3 Stars

1 - Justin Bailey (BOS)
2 - Emil Andrae (RHI)
3 - Cole Schwindt (RHI)

Power Play

RHODE ISLAND BEARS - 0 on 5 Attempt(s) - 0,00%
BOSTON WARRIORS - 0 on 2 Attempt(s) - 0,00%

Penalty Kill

RHODE ISLAND BEARS - 2 on 2 Attempt(s) - 100,00% - Score 0 goal in Penalty Kill
BOSTON WARRIORS - 5 on 5 Attempt(s) - 100,00% - Score 0 goal in Penalty Kill

Team Stat

RHODE ISLAND BEARS - Hits : 16 - Faceoff Wins : 45 - Blocked Shots : 7 - Penalty Minutes : 4
BOSTON WARRIORS - Hits : 30 - Faceoff Wins : 36 - Blocked Shots : 14 - Penalty Minutes : 10

Official

Referees : Kelly Sutherland and Peter MacDougall
Linesman : Jeff Walker and Greg Devorski

Game Notes

No Game Note

RHODE ISLAND BEARS

5 vs 5 Forward 
   Center                   Left Wing                Right Wing               Time % Phy DF OF 
 1 Cole Schwindt            Matthew Phillips         Justin Sourdif           36     1   2  2  
 2 Rory Kerins              Cross Hanas              Alex Jefferies           31     1   2  2  
 3 Aleksanteri Kaskimaki    Aatu Jamsen              Carter Mazur             23     1   2  2  
 4 Francesco Pinelli        Samuel Poulin            Matthew Phillips         10     1   2  2  

5 vs 5 Defense 
   Defense                  Defense                                           Time % Phy DF OF 
 1 Conor Timmins            Emil Andrae                                       36     1   2  2  
 2 William Villeneuve       Jacob Moverare                                    31     1   2  2  
 3 Jeremie Poirier          Topias Vilen                                      23     1   2  2  
 4 Conor Timmins            Emil Andrae                                       10     1   2  2  

PowerPlay Forward 
   Center                   Left Wing                Right Wing               Time % Phy DF OF 
 1 Cole Schwindt            Matthew Phillips         Justin Sourdif           55     1   2  2  
 2 Rory Kerins              Cross Hanas              Alex Jefferies           45     1   2  2  

PowerPlay Defense
   Defense                  Defense                                           Time % Phy DF OF 
 1 Conor Timmins            Emil Andrae                                       55     1   2  2  
 2 William Villeneuve       Jacob Moverare                                    45     1   2  2  

Penalty Kill 4 Players Forward 
   Center                   Wing                     Time % Phy DF OF 
 1 Matthew Phillips         Cole Schwindt            55     1   2  2  
 2 Rory Kerins              Aleksanteri Kaskimaki    45     1   2  2  

Penalty Kill 4 Players Defense
   Defense                  Defense                  Time % Phy DF OF 
 1 Conor Timmins            Emil Andrae              55     1   2  2  
 2 William Villeneuve       Jacob Moverare           45     1   2  2  

Penalty Kill - 3 Players Forward 
   Forward                                           Time % Phy DF OF 
 1 Matthew Phillips                                  55     1   2  2  
 2 Cole Schwindt                                     45     1   2  2  

Penalty Kill - 3 Players Defense
   Defense                  Defense                  Time % Phy DF OF 
 1 Conor Timmins            Emil Andrae              55     1   2  2  
 2 William Villeneuve       Jacob Moverare           45     1   2  2  

4 vs 4 Forward 
   Center                   Wing                     Time % Phy DF OF 
 1 Matthew Phillips         Cole Schwindt            55     1   2  2  
 2 Rory Kerins              Aleksanteri Kaskimaki    45     1   2  2  

4 vs 4 Defense
   Defense                  Defense                  Time % Phy DF OF 
 1 Conor Timmins            Emil Andrae              55     1   2  2  
 2 William Villeneuve       Jacob Moverare           45     1   2  2  

Last Minutes Offensive
   Center                   Left Wing                Right Wing               Defense                  Defense                  
   Cole Schwindt            Matthew Phillips         Justin Sourdif           Conor Timmins            Emil Andrae              

Last Minutes Defensive
   Center                   Left Wing                Right Wing               Defense                  Defense                  
   Cole Schwindt            Matthew Phillips         Justin Sourdif           Conor Timmins            Emil Andrae              

Goaltenders
Starting : Artur Akhtyamov          
Backup : Henrik Tikkanen          

Extra Forwards
Normal : Ryan Greene, Francesco Pinelli, Aatu Jamsen - PP : Ryan Greene, Francesco Pinelli - PK : Aatu Jamsen
Extra Defensemen
Normal : Jeremie Poirier, Topias Vilen, William Villeneuve - PP : Jeremie Poirier - PK : Topias Vilen, William Villeneuve
Penalty Shots
Matthew Phillips, Cole Schwindt, Rory Kerins, Aleksanteri Kaskimaki, Justin Sourdif

Scratches
Artem Shlaine (Healthy), Ludwig Persson (Healthy), Roby Jarventie (Healthy), Nikita Grebenkin (Healthy), Matej Blumel (Healthy)
Garin Bjorklund (Healthy)

BOSTON WARRIORS

5 vs 5 Forward 
   Center                   Left Wing                Right Wing               Time % Phy DF OF 
 1 Sean Farrell             Liam Foudy               Justin Bailey            36     1   2  2  
 2 Olle Lycksell            Kieffer Bellows          Tyler Tullio             31     1   2  2  
 3 Justin Janicke           Jared Wright             Raivis Ansons            23     1   2  2  
 4 Oscar Fisker Molgaard    Daniel Torgersson        Quentin Musty            10     1   2  2  

5 vs 5 Defense 
   Defense                  Defense                                           Time % Phy DF OF 
 1 Adam Engstrom            Adam Wilsby                                       36     1   2  2  
 2 Ethan Del Mastro         Leo Loof                                          31     1   2  2  
 3 Jorian Donovan           Matt Benning                                      23     1   2  2  
 4 Adam Engstrom            Adam Wilsby                                       10     1   2  2  

PowerPlay Forward 
   Center                   Left Wing                Right Wing               Time % Phy DF OF 
 1 Sean Farrell             Liam Foudy               Justin Bailey            55     1   2  2  
 2 Olle Lycksell            Kieffer Bellows          Tyler Tullio             45     1   2  2  

PowerPlay Defense
   Defense                  Defense                                           Time % Phy DF OF 
 1 Adam Engstrom            Adam Wilsby                                       55     1   2  2  
 2 Ethan Del Mastro         Leo Loof                                          45     1   2  2  

Penalty Kill 4 Players Forward 
   Center                   Wing                     Time % Phy DF OF 
 1 Sean Farrell             Liam Foudy               55     1   2  2  
 2 Justin Bailey            Olle Lycksell            45     1   2  2  

Penalty Kill 4 Players Defense
   Defense                  Defense                  Time % Phy DF OF 
 1 Adam Engstrom            Adam Wilsby              55     1   2  2  
 2 Ethan Del Mastro         Leo Loof                 45     1   2  2  

Penalty Kill - 3 Players Forward 
   Forward                                           Time % Phy DF OF 
 1 Sean Farrell                                      55     1   2  2  
 2 Liam Foudy                                        45     1   2  2  

Penalty Kill - 3 Players Defense
   Defense                  Defense                  Time % Phy DF OF 
 1 Adam Engstrom            Adam Wilsby              55     1   2  2  
 2 Ethan Del Mastro         Leo Loof                 45     1   2  2  

4 vs 4 Forward 
   Center                   Wing                     Time % Phy DF OF 
 1 Sean Farrell             Liam Foudy               55     1   2  2  
 2 Justin Bailey            Olle Lycksell            45     1   2  2  

4 vs 4 Defense
   Defense                  Defense                  Time % Phy DF OF 
 1 Adam Engstrom            Adam Wilsby              55     1   2  2  
 2 Ethan Del Mastro         Leo Loof                 45     1   2  2  

Last Minutes Offensive
   Center                   Left Wing                Right Wing               Defense                  Defense                  
   Sean Farrell             Liam Foudy               Justin Bailey            Adam Engstrom            Adam Wilsby              

Last Minutes Defensive
   Center                   Left Wing                Right Wing               Defense                  Defense                  
   Sean Farrell             Liam Foudy               Justin Bailey            Adam Engstrom            Adam Wilsby              

Goaltenders
Starting : Calle Clang              
Backup : Jeremy Brodeur           

Extra Forwards
Normal : Justin Janicke, Jared Wright, Oscar Fisker Molgaard - PP : Justin Janicke, Jared Wright - PK : Oscar Fisker Molgaard
Extra Defensemen
Normal : Jorian Donovan, Matt Benning, Ethan Del Mastro - PP : Jorian Donovan - PK : Matt Benning, Ethan Del Mastro
Penalty Shots
Sean Farrell, Liam Foudy, Justin Bailey, Olle Lycksell, Kieffer Bellows

Scratches
Hardy Haman Aktell (Healthy), Connor Kelley (Healthy), Kyle Masters (Healthy), Helge Grans (Healthy), Joel Nystrom (Healthy)
Mason Morelli (Healthy), Ville Heinola (Healthy), Marcus Sylvegard (Healthy), Otto Salin (Healthy)

% Time on Ice - RHODE ISLAND BEARS

Lines # - Real PCT - Wanted PCT - Time Play
Normal Forward
1 - 27% - 36% - 12:28
2 - 32% - 31% - 14:50
3 - 27% - 23% - 12:28
4 - 14% - 10% - 6:21
Normal Defense
1 - 33% - 36% - 15:00
2 - 29% - 31% - 13:30
3 - 37% - 23% - 16:54
4 - 2% - 10% - 0:43
PP Forward
1 - 45% - 55% - 4:26
2 - 55% - 45% - 5:29
PP Defense
1 - 57% - 55% - 5:40
2 - 43% - 45% - 4:15
PK Forward
1 - 53% - 55% - 2:06
2 - 47% - 45% - 1:52
PK Defense
1 - 60% - 55% - 2:23
2 - 40% - 45% - 1:35
PK3 Forward
1 - 0% - 55%
2 - 0% - 45%
PK3 Defense
1 - 0% - 55%
2 - 0% - 45%
44 Forward
1 - 0% - 55%
2 - 0% - 45%
44 Defense
1 - 0% - 55%
2 - 0% - 45%
Last Minute Offensive  - 0:00
Last Minute Defensive  - 0:00
Total
Forward - 60:00
Defense - 60:00

% Time on Ice - BOSTON WARRIORS

Lines # - Real PCT - Wanted PCT - Time Play
Normal Forward
1 - 33% - 36% - 15:00
2 - 28% - 31% - 12:44
3 - 23% - 23% - 10:33
4 - 17% - 10% - 7:50
Normal Defense
1 - 34% - 36% - 15:48
2 - 36% - 31% - 16:45
3 - 27% - 23% - 12:20
4 - 3% - 10% - 1:14
PP Forward
1 - 47% - 55% - 1:52
2 - 53% - 45% - 2:06
PP Defense
1 - 47% - 55% - 1:52
2 - 53% - 45% - 2:06
PK Forward
1 - 62% - 55% - 6:07
2 - 38% - 45% - 3:48
PK Defense
1 - 45% - 55% - 4:30
2 - 55% - 45% - 5:25
PK3 Forward
1 - 0% - 55%
2 - 0% - 45%
PK3 Defense
1 - 0% - 55%
2 - 0% - 45%
44 Forward
1 - 0% - 55%
2 - 0% - 45%
44 Defense
1 - 0% - 55%
2 - 0% - 45%
Last Minute Offensive  - 0:00
Last Minute Defensive  - 0:00
Total
Forward - 60:00
Defense - 60:00

Play-by-Play

1st period


0:01 of 1st period - Cole Schwindt wins face-off versus Sean Farrell in neutral zone.
0:01 of 1st period - Emil Andrae is hit by Justin Bailey and loses puck.
0:06 of 1st period - Adam Wilsby is hit by Justin Sourdif.
0:38 of 1st period - Emil Andrae is hit by Adam Engstrom and loses puck.
0:46 of 1st period - Icing by Adam Wilsby.
0:47 of 1st period - Rory Kerins wins face-off versus Sean Farrell in BOSTON WARRIORS zone.
0:55 of 1st period - Alex Jefferies is hit by Adam Engstrom and loses puck.
1:37 of 1st period - Justin Bailey is hit by Aleksanteri Kaskimaki.
1:48 of 1st period - Carter Mazur is hit by Kieffer Bellows and loses puck.
2:04 of 1st period - Kieffer Bellows is hit by Jeremie Poirier and loses puck.
3:27 of 1st period - Icing by Matt Benning.
3:28 of 1st period - Justin Janicke wins face-off versus Rory Kerins in BOSTON WARRIORS zone.
3:28 of 1st period - Justin Janicke is hit by Alex Jefferies.
3:46 of 1st period - Shot by Rory Kerins.
3:46 of 1st period - Shot Blocked by Jorian Donovan.
4:50 of 1st period - Shot by Aleksanteri Kaskimaki.
4:50 of 1st period - Shot Blocked by Matt Benning.
6:08 of 1st period - Shot by Tyler Tullio.
6:08 of 1st period - Shot Misses the Net.
6:10 of 1st period - Shot by Olle Lycksell.
6:10 of 1st period - Stopped by Artur Akhtyamov with a rebound.
6:12 of 1st period - Shot by Olle Lycksell.
6:12 of 1st period - Stopped by Artur Akhtyamov without a rebound.
6:13 of 1st period - Oscar Fisker Molgaard wins face-off versus Rory Kerins in RHODE ISLAND BEARS zone.
7:14 of 1st period - Shot by Sean Farrell.
7:14 of 1st period - Stopped by Artur Akhtyamov with a rebound.
7:22 of 1st period - Icing by Sean Farrell.
7:23 of 1st period - Sean Farrell wins face-off versus Cole Schwindt in BOSTON WARRIORS zone.
7:37 of 1st period - Shot by Cole Schwindt.
7:37 of 1st period - Stopped by Calle Clang with a rebound.
7:39 of 1st period - Shot by Cole Schwindt.
7:39 of 1st period - Stopped by Calle Clang without a rebound.
7:40 of 1st period - Aleksanteri Kaskimaki wins face-off versus Olle Lycksell in BOSTON WARRIORS zone.
7:42 of 1st period - Carter Mazur is hit by Adam Wilsby and loses puck.
7:57 of 1st period - Shot by Aatu Jamsen.
7:57 of 1st period - Stopped by Calle Clang with a rebound.
8:07 of 1st period - Shot by Olle Lycksell.
8:07 of 1st period - Stopped by Artur Akhtyamov without a rebound.
8:08 of 1st period - Quentin Musty wins face-off versus Rory Kerins in RHODE ISLAND BEARS zone.
8:09 of 1st period - Shot by Ethan Del Mastro.
8:09 of 1st period - Shot Misses the Net.
8:14 of 1st period - William Villeneuve is hit by Leo Loof.
8:17 of 1st period - Minor Penalty to Leo Loof for Diving.
8:18 of 1st period - Sean Farrell wins face-off versus Cole Schwindt in BOSTON WARRIORS zone.
8:29 of 1st period - Shot by Emil Andrae.
8:29 of 1st period - Shot Misses the Net.
8:39 of 1st period - Shot by Conor Timmins.
8:39 of 1st period - Shot Blocked by Ethan Del Mastro.
9:07 of 1st period - Icing by William Villeneuve.
9:08 of 1st period - Rory Kerins wins face-off versus Sean Farrell in RHODE ISLAND BEARS zone.
9:08 of 1st period - Rory Kerins is hit by Liam Foudy.
9:16 of 1st period - Shot by William Villeneuve.
9:16 of 1st period - Stopped by Calle Clang without a rebound.
9:17 of 1st period - Rory Kerins wins face-off versus Sean Farrell in BOSTON WARRIORS zone.
9:30 of 1st period - Shot by William Villeneuve.
9:30 of 1st period - Stopped by Calle Clang without a rebound.
9:31 of 1st period - Justin Bailey wins face-off versus Rory Kerins in BOSTON WARRIORS zone.
9:31 of 1st period - Justin Bailey is hit by Cross Hanas.
10:22 of 1st period - Shot by Aleksanteri Kaskimaki.
10:22 of 1st period - Stopped by Calle Clang without a rebound.
10:23 of 1st period - Cole Schwindt wins face-off versus Olle Lycksell in BOSTON WARRIORS zone.
10:26 of 1st period - Shot by Matthew Phillips.
10:26 of 1st period - Shot Misses the Net.
10:51 of 1st period - Shot by Cole Schwindt.
10:51 of 1st period - Stopped by Calle Clang with a rebound.
11:44 of 1st period - Shot by Justin Bailey.
11:44 of 1st period - Shot Misses the Net.
11:46 of 1st period - Shot by Adam Wilsby.
11:46 of 1st period - Stopped by Artur Akhtyamov without a rebound.
11:47 of 1st period - Rory Kerins wins face-off versus Oscar Fisker Molgaard in RHODE ISLAND BEARS zone.
12:44 of 1st period - Shot by Justin Sourdif.
12:44 of 1st period - Stopped by Calle Clang without a rebound.
12:45 of 1st period - Francesco Pinelli wins face-off versus Sean Farrell in BOSTON WARRIORS zone.
13:08 of 1st period - Shot by Justin Bailey.
13:08 of 1st period - Goal by Justin Bailey - RHODE ISLAND BEARS : 0 - BOSTON WARRIORS : 1.
13:09 of 1st period - Aleksanteri Kaskimaki wins face-off versus Olle Lycksell in neutral zone.
13:18 of 1st period - Shot by Aleksanteri Kaskimaki.
13:18 of 1st period - Stopped by Calle Clang with a rebound.
14:06 of 1st period - Cole Schwindt is hit by Leo Loof and loses puck.
14:08 of 1st period - Minor Penalty to Leo Loof for Holding.
14:09 of 1st period - Rory Kerins wins face-off versus Sean Farrell in BOSTON WARRIORS zone.
14:31 of 1st period - Shot by Conor Timmins.
14:31 of 1st period - Stopped by Calle Clang without a rebound.
14:32 of 1st period - Cole Schwindt wins face-off versus Sean Farrell in BOSTON WARRIORS zone.
14:52 of 1st period - Shot by Jacob Moverare.
14:52 of 1st period - Shot Misses the Net.
15:22 of 1st period - Shot by Rory Kerins.
15:22 of 1st period - Stopped by Calle Clang with a rebound.
15:24 of 1st period - Shot by Emil Andrae.
15:24 of 1st period - Stopped by Calle Clang without a rebound.
15:25 of 1st period - Sean Farrell wins face-off versus Cross Hanas in BOSTON WARRIORS zone.
15:30 of 1st period - Emil Andrae is hit by Liam Foudy.
15:58 of 1st period - Off-side.
15:59 of 1st period - Sean Farrell wins face-off versus Cole Schwindt in neutral zone.
16:18 of 1st period - Shot by Carter Mazur.
16:18 of 1st period - Deflect By Aleksanteri Kaskimaki.
16:18 of 1st period - Stopped by Calle Clang without a rebound.
16:19 of 1st period - Oscar Fisker Molgaard wins face-off versus Cole Schwindt in BOSTON WARRIORS zone.
16:19 of 1st period - Oscar Fisker Molgaard is hit by Justin Sourdif.
17:09 of 1st period - Rory Kerins is hit by Justin Bailey and loses puck.
17:16 of 1st period - Shot by Justin Bailey.
17:16 of 1st period - Shot Blocked by Jacob Moverare.
17:33 of 1st period - Shot by Justin Bailey.
17:33 of 1st period - Goal by Justin Bailey - RHODE ISLAND BEARS : 0 - BOSTON WARRIORS : 2.
17:34 of 1st period - Olle Lycksell wins face-off versus Aleksanteri Kaskimaki in neutral zone.
17:42 of 1st period - Shot by Kieffer Bellows.
17:42 of 1st period - Shot Misses the Net.
17:45 of 1st period - Icing by Conor Timmins.
17:46 of 1st period - Aleksanteri Kaskimaki wins face-off versus Justin Janicke in RHODE ISLAND BEARS zone.
17:46 of 1st period - Aleksanteri Kaskimaki is hit by Jared Wright.
18:08 of 1st period - Shot by Conor Timmins.
18:08 of 1st period - Shot Blocked by Adam Wilsby.
18:18 of 1st period - Shot by Conor Timmins.
18:18 of 1st period - Shot Misses the Net.
18:20 of 1st period - Shot by Conor Timmins.
18:20 of 1st period - Shot Blocked by Adam Engstrom.
18:56 of 1st period - Shot by Justin Bailey.
18:56 of 1st period - Stopped by Artur Akhtyamov without a rebound.
18:57 of 1st period - Cole Schwindt wins face-off versus Olle Lycksell in RHODE ISLAND BEARS zone.
18:57 of 1st period - Cole Schwindt is hit by Kieffer Bellows.
19:26 of 1st period - Kieffer Bellows is hit by Jeremie Poirier and loses puck.
19:32 of 1st period - Kieffer Bellows is hit by Topias Vilen and loses puck.
Goals for this period are 0 for RHODE ISLAND BEARS vs 2 for BOSTON WARRIORS.
Shots for this period are 13 for RHODE ISLAND BEARS vs 8 for BOSTON WARRIORS.

2nd period


0:01 of 2nd period - Cole Schwindt wins face-off versus Sean Farrell in neutral zone.
0:07 of 2nd period - Shot by Cole Schwindt.
0:07 of 2nd period - Stopped by Calle Clang without a rebound.
0:08 of 2nd period - Sean Farrell wins face-off versus Rory Kerins in BOSTON WARRIORS zone.
0:16 of 2nd period - Shot by Justin Bailey.
0:16 of 2nd period - Stopped by Artur Akhtyamov with a rebound.
0:18 of 2nd period - Shot by Adam Engstrom.
0:18 of 2nd period - Stopped by Artur Akhtyamov without a rebound.
0:19 of 2nd period - Cole Schwindt wins face-off versus Olle Lycksell in RHODE ISLAND BEARS zone.
0:24 of 2nd period - Shot by Cole Schwindt.
0:24 of 2nd period - Stopped by Calle Clang without a rebound.
0:25 of 2nd period - Sean Farrell wins face-off versus Cole Schwindt in BOSTON WARRIORS zone.
0:55 of 2nd period - Shot by Matthew Phillips.
0:55 of 2nd period - Deflect By Justin Sourdif.
0:55 of 2nd period - Stopped by Calle Clang without a rebound.
0:56 of 2nd period - Rory Kerins wins face-off versus Olle Lycksell in BOSTON WARRIORS zone.
1:29 of 2nd period - Shot by Olle Lycksell.
1:29 of 2nd period - Stopped by Artur Akhtyamov without a rebound.
1:30 of 2nd period - Sean Farrell wins face-off versus Francesco Pinelli in RHODE ISLAND BEARS zone.
1:31 of 2nd period - Shot by Justin Bailey.
1:31 of 2nd period - Shot Misses the Net.
1:39 of 2nd period - Shot by Justin Bailey.
1:39 of 2nd period - Stopped by Artur Akhtyamov without a rebound.
1:40 of 2nd period - Cole Schwindt wins face-off versus Justin Janicke in RHODE ISLAND BEARS zone.
1:58 of 2nd period - Shot by Emil Andrae.
1:58 of 2nd period - Shot Blocked by Adam Wilsby.
2:19 of 2nd period - Emil Andrae is hit by Jared Wright and loses puck.
2:44 of 2nd period - Shot by Justin Bailey.
2:44 of 2nd period - Shot Blocked by Cole Schwindt.
2:46 of 2nd period - Shot by Ethan Del Mastro.
2:46 of 2nd period - Shot Misses the Net.
2:48 of 2nd period - Shot by Leo Loof.
2:48 of 2nd period - Stopped by Artur Akhtyamov without a rebound.
2:49 of 2nd period - Rory Kerins wins face-off versus Olle Lycksell in RHODE ISLAND BEARS zone.
4:12 of 2nd period - Shot by Aatu Jamsen.
4:12 of 2nd period - Goal by Aatu Jamsen - RHODE ISLAND BEARS : 1 - BOSTON WARRIORS : 2.
4:13 of 2nd period - Oscar Fisker Molgaard wins face-off versus Matthew Phillips in neutral zone.
4:32 of 2nd period - Shot by Conor Timmins.
4:32 of 2nd period - Shot Misses the Net.
4:34 of 2nd period - Shot by Emil Andrae.
4:34 of 2nd period - Shot Misses the Net.
4:36 of 2nd period - Shot by Samuel Poulin.
4:36 of 2nd period - Shot Blocked by Adam Engstrom.
4:38 of 2nd period - Shot by Emil Andrae.
4:38 of 2nd period - Goal by Emil Andrae - RHODE ISLAND BEARS : 2 - BOSTON WARRIORS : 2.
4:39 of 2nd period - Rory Kerins wins face-off versus Justin Janicke in neutral zone.
4:51 of 2nd period - Minor Penalty to Jared Wright for Hooking.
4:52 of 2nd period - Sean Farrell wins face-off versus Cole Schwindt in BOSTON WARRIORS zone.
5:19 of 2nd period - Shot by William Villeneuve.
5:19 of 2nd period - Shot Blocked by Adam Engstrom.
5:37 of 2nd period - Shot by Rory Kerins.
5:37 of 2nd period - Shot Misses the Net.
5:53 of 2nd period - Shot by Conor Timmins.
5:53 of 2nd period - Stopped by Calle Clang without a rebound.
5:54 of 2nd period - Justin Bailey wins face-off versus Rory Kerins in BOSTON WARRIORS zone.
6:03 of 2nd period - Olle Lycksell is hit by Cross Hanas and loses puck.
6:53 of 2nd period - Justin Sourdif is hit by Jorian Donovan and loses puck.
7:11 of 2nd period - Shot by Justin Janicke.
7:11 of 2nd period - Stopped by Artur Akhtyamov without a rebound.
7:12 of 2nd period - Oscar Fisker Molgaard wins face-off versus Samuel Poulin in RHODE ISLAND BEARS zone.
7:25 of 2nd period - Shot by Adam Wilsby.
7:25 of 2nd period - Shot Blocked by Topias Vilen.
7:27 of 2nd period - Shot by Adam Engstrom.
7:27 of 2nd period - Shot Misses the Net.
7:29 of 2nd period - Shot by Adam Wilsby.
7:29 of 2nd period - Stopped by Artur Akhtyamov without a rebound.
7:30 of 2nd period - Aleksanteri Kaskimaki wins face-off versus Justin Janicke in RHODE ISLAND BEARS zone.
7:34 of 2nd period - Minor Penalty to Jorian Donovan for Hooking.
7:35 of 2nd period - Sean Farrell wins face-off versus Rory Kerins in BOSTON WARRIORS zone.
7:35 of 2nd period - Sean Farrell is hit by Cross Hanas.
7:45 of 2nd period - Shot by Conor Timmins.
7:45 of 2nd period - Stopped by Calle Clang with a rebound.
7:47 of 2nd period - Shot by Conor Timmins.
7:47 of 2nd period - Shot Blocked by Ethan Del Mastro.
7:49 of 2nd period - Shot by Conor Timmins.
7:49 of 2nd period - Shot Misses the Net.
7:51 of 2nd period - Shot by Rory Kerins.
7:51 of 2nd period - Stopped by Calle Clang with a rebound.
7:59 of 2nd period - Shot by Rory Kerins.
7:59 of 2nd period - Shot Misses the Net.
8:01 of 2nd period - Shot by Conor Timmins.
8:01 of 2nd period - Shot Misses the Net.
8:03 of 2nd period - Shot by Conor Timmins.
8:03 of 2nd period - Stopped by Calle Clang with a rebound.
8:07 of 2nd period - Shot by Conor Timmins.
8:07 of 2nd period - Shot Hit the Post.
8:09 of 2nd period - Shot by Conor Timmins.
8:09 of 2nd period - Deflect By Alex Jefferies.
8:09 of 2nd period - Shot Misses the Net.
8:11 of 2nd period - Shot by Conor Timmins.
8:11 of 2nd period - Shot Misses the Net.
8:33 of 2nd period - Shot by Cole Schwindt.
8:33 of 2nd period - Shot Misses the Net.
8:35 of 2nd period - Shot by Matthew Phillips.
8:35 of 2nd period - Stopped by Calle Clang without a rebound.
8:36 of 2nd period - Justin Sourdif wins face-off versus Justin Bailey in BOSTON WARRIORS zone.
8:50 of 2nd period - Matthew Phillips is hit by Adam Wilsby and loses puck.
8:58 of 2nd period - Icing by William Villeneuve.
8:59 of 2nd period - Cole Schwindt wins face-off versus Justin Bailey in RHODE ISLAND BEARS zone.
9:25 of 2nd period - Shot by Conor Timmins.
9:25 of 2nd period - Stopped by Calle Clang without a rebound.
9:26 of 2nd period - Justin Bailey wins face-off versus Rory Kerins in BOSTON WARRIORS zone.
9:44 of 2nd period - Shot by Justin Janicke.
9:44 of 2nd period - Shot Misses the Net.
9:46 of 2nd period - Shot by Jorian Donovan.
9:46 of 2nd period - Shot Misses the Net.
9:48 of 2nd period - Shot by Matt Benning.
9:48 of 2nd period - Shot Hit the Post.
9:50 of 2nd period - Shot by Matt Benning.
9:50 of 2nd period - Shot Misses the Net.
9:54 of 2nd period - Shot by Justin Janicke.
9:54 of 2nd period - Stopped by Artur Akhtyamov without a rebound.
9:55 of 2nd period - Rory Kerins wins face-off versus Oscar Fisker Molgaard in RHODE ISLAND BEARS zone.
10:51 of 2nd period - Shot by Aleksanteri Kaskimaki.
10:51 of 2nd period - Stopped by Calle Clang without a rebound.
10:52 of 2nd period - Sean Farrell wins face-off versus Matthew Phillips in BOSTON WARRIORS zone.
11:59 of 2nd period - Carter Mazur is hit by Jorian Donovan and loses puck.
12:06 of 2nd period - Shot by Aatu Jamsen.
12:06 of 2nd period - Shot Misses the Net.
12:08 of 2nd period - Shot by Carter Mazur.
12:08 of 2nd period - Stopped by Calle Clang without a rebound.
12:09 of 2nd period - Justin Janicke wins face-off versus Rory Kerins in BOSTON WARRIORS zone.
12:09 of 2nd period - Justin Janicke is hit by Cross Hanas.
12:17 of 2nd period - Shot by Justin Janicke.
12:17 of 2nd period - Shot Blocked by Emil Andrae.
12:32 of 2nd period - Shot by Jared Wright.
12:32 of 2nd period - Stopped by Artur Akhtyamov without a rebound.
12:33 of 2nd period - Olle Lycksell wins face-off versus Francesco Pinelli in RHODE ISLAND BEARS zone.
12:38 of 2nd period - Shot by Tyler Tullio.
12:38 of 2nd period - Shot Misses the Net.
12:48 of 2nd period - Olle Lycksell is hit by Francesco Pinelli and loses puck.
12:50 of 2nd period - Minor Penalty to Jorian Donovan for Roughing.
12:51 of 2nd period - Rory Kerins wins face-off versus Sean Farrell in BOSTON WARRIORS zone.
13:06 of 2nd period - Shot by Conor Timmins.
13:06 of 2nd period - Shot Misses the Net.
13:13 of 2nd period - Shot by Conor Timmins.
13:13 of 2nd period - Stopped by Calle Clang with a rebound.
13:26 of 2nd period - Conor Timmins is hit by Leo Loof and loses puck.
14:01 of 2nd period - Shot by Justin Sourdif.
14:01 of 2nd period - Stopped by Calle Clang with a rebound.
14:35 of 2nd period - Shot by Rory Kerins.
14:35 of 2nd period - Shot Misses the Net.
14:37 of 2nd period - Shot by Emil Andrae.
14:37 of 2nd period - Shot Misses the Net.
14:39 of 2nd period - Shot by Emil Andrae.
14:39 of 2nd period - Shot Misses the Net.
14:41 of 2nd period - Shot by Emil Andrae.
14:41 of 2nd period - Stopped by Calle Clang without a rebound.
14:42 of 2nd period - Justin Bailey wins face-off versus Cole Schwindt in BOSTON WARRIORS zone.
14:51 of 2nd period - Cole Schwindt is hit by Jorian Donovan and loses puck.
14:58 of 2nd period - Shot by Aleksanteri Kaskimaki.
14:58 of 2nd period - Shot Misses the Net.
15:08 of 2nd period - Shot by Aleksanteri Kaskimaki.
15:08 of 2nd period - Shot Blocked by Matt Benning.
15:14 of 2nd period - Shot by Justin Janicke.
15:14 of 2nd period - Stopped by Artur Akhtyamov with a rebound.
15:16 of 2nd period - Shot by Raivis Ansons.
15:16 of 2nd period - Deflect By Jared Wright.
15:16 of 2nd period - Stopped by Artur Akhtyamov without a rebound.
15:17 of 2nd period - Oscar Fisker Molgaard wins face-off versus Francesco Pinelli in RHODE ISLAND BEARS zone.
15:59 of 2nd period - Icing by Conor Timmins.
16:00 of 2nd period - Sean Farrell wins face-off versus Francesco Pinelli in RHODE ISLAND BEARS zone.
16:01 of 2nd period - Shot by Justin Bailey.
16:01 of 2nd period - Shot Blocked by Conor Timmins.
16:19 of 2nd period - Shot by Justin Bailey.
16:19 of 2nd period - Stopped by Artur Akhtyamov without a rebound.
16:20 of 2nd period - Rory Kerins wins face-off versus Olle Lycksell in RHODE ISLAND BEARS zone.
16:22 of 2nd period - Icing by Jacob Moverare.
16:23 of 2nd period - Olle Lycksell wins face-off versus Rory Kerins in RHODE ISLAND BEARS zone.
16:42 of 2nd period - Icing by Olle Lycksell.
16:43 of 2nd period - Aleksanteri Kaskimaki wins face-off versus Olle Lycksell in BOSTON WARRIORS zone.
16:46 of 2nd period - Shot by Aatu Jamsen.
16:46 of 2nd period - Shot Misses the Net.
16:51 of 2nd period - Olle Lycksell is hit by Topias Vilen and loses puck.
17:24 of 2nd period - Topias Vilen is hit by Justin Bailey and loses puck.
17:51 of 2nd period - Shot by Justin Bailey.
17:51 of 2nd period - Deflect By Sean Farrell.
17:51 of 2nd period - Shot Misses the Net.
18:09 of 2nd period - Shot by Cole Schwindt.
18:09 of 2nd period - Shot Misses the Net.
18:25 of 2nd period - Shot by Emil Andrae.
18:25 of 2nd period - Deflect By Alex Jefferies.
18:25 of 2nd period - Shot Misses the Net.
18:27 of 2nd period - Shot by Conor Timmins.
18:27 of 2nd period - Stopped by Calle Clang without a rebound.
18:28 of 2nd period - Rory Kerins wins face-off versus Justin Janicke in BOSTON WARRIORS zone.
19:23 of 2nd period - Shot by Matthew Phillips.
19:23 of 2nd period - Shot Misses the Net.
19:49 of 2nd period - Shot by Francesco Pinelli.
19:49 of 2nd period - Shot Misses the Net.
Goals for this period are 2 for RHODE ISLAND BEARS vs 0 for BOSTON WARRIORS.
Shots for this period are 17 for RHODE ISLAND BEARS vs 12 for BOSTON WARRIORS.

3rd period


0:01 of 3rd period - Sean Farrell wins face-off versus Cole Schwindt in neutral zone.
0:35 of 3rd period - Icing by Adam Wilsby.
0:36 of 3rd period - Alex Jefferies wins face-off versus Sean Farrell in BOSTON WARRIORS zone.
0:37 of 3rd period - Shot by Jacob Moverare.
0:37 of 3rd period - Stopped by Calle Clang without a rebound.
0:38 of 3rd period - Rory Kerins wins face-off versus Kieffer Bellows in BOSTON WARRIORS zone.
0:38 of 3rd period - William Villeneuve is hit by Leo Loof and loses puck.
1:16 of 3rd period - Shot by Rory Kerins.
1:16 of 3rd period - Shot Misses the Net.
1:19 of 3rd period - Icing by Ethan Del Mastro.
1:20 of 3rd period - Justin Sourdif wins face-off versus Olle Lycksell in BOSTON WARRIORS zone.
1:28 of 3rd period - Minor Penalty to Justin Sourdif for Hooking.
1:29 of 3rd period - Sean Farrell wins face-off versus Cole Schwindt in RHODE ISLAND BEARS zone.
1:52 of 3rd period - Shot by Liam Foudy.
1:52 of 3rd period - Shot Blocked by Conor Timmins.
1:58 of 3rd period - Shot by Justin Bailey.
1:58 of 3rd period - Stopped by Artur Akhtyamov without a rebound.
1:59 of 3rd period - Rory Kerins wins face-off versus Olle Lycksell in RHODE ISLAND BEARS zone.
2:46 of 3rd period - Conor Timmins is hit by Justin Bailey and loses puck.
2:57 of 3rd period - Shot by Justin Bailey.
2:57 of 3rd period - Stopped by Artur Akhtyamov with a rebound.
2:59 of 3rd period - Shot by Adam Wilsby.
2:59 of 3rd period - Stopped by Artur Akhtyamov with a rebound.
3:03 of 3rd period - Shot by Sean Farrell.
3:03 of 3rd period - Stopped by Artur Akhtyamov with a rebound.
3:13 of 3rd period - Shot by Adam Wilsby.
3:13 of 3rd period - Shot Misses the Net.
3:15 of 3rd period - Shot by Adam Wilsby.
3:15 of 3rd period - Deflect By Sean Farrell.
3:15 of 3rd period - Shot Misses the Net.
3:40 of 3rd period - Shot by Oscar Fisker Molgaard.
3:40 of 3rd period - Stopped by Artur Akhtyamov without a rebound.
3:41 of 3rd period - Justin Janicke wins face-off versus Francesco Pinelli in RHODE ISLAND BEARS zone.
3:41 of 3rd period - Matt Benning is hit by Jeremie Poirier and loses puck.
3:47 of 3rd period - Raivis Ansons is hit by Topias Vilen and loses puck.
4:02 of 3rd period - Shot by Jared Wright.
4:02 of 3rd period - Stopped by Artur Akhtyamov with a rebound.
4:13 of 3rd period - Shot by Jared Wright.
4:13 of 3rd period - Stopped by Artur Akhtyamov without a rebound.
4:14 of 3rd period - Aleksanteri Kaskimaki wins face-off versus Oscar Fisker Molgaard in RHODE ISLAND BEARS zone.
5:24 of 3rd period - Shot by Alex Jefferies.
5:24 of 3rd period - Shot Misses the Net.
5:54 of 3rd period - Shot by Justin Sourdif.
5:54 of 3rd period - Stopped by Calle Clang without a rebound.
5:55 of 3rd period - Sean Farrell wins face-off versus Francesco Pinelli in BOSTON WARRIORS zone.
6:20 of 3rd period - Off-side.
6:21 of 3rd period - Aleksanteri Kaskimaki wins face-off versus Olle Lycksell in neutral zone.
7:28 of 3rd period - Shot by Sean Farrell.
7:28 of 3rd period - Stopped by Artur Akhtyamov without a rebound.
7:29 of 3rd period - Matthew Phillips wins face-off versus Justin Janicke in RHODE ISLAND BEARS zone.
7:40 of 3rd period - Shot by Matthew Phillips.
7:40 of 3rd period - Shot Blocked by Adam Wilsby.
7:42 of 3rd period - Shot by Matthew Phillips.
7:42 of 3rd period - Shot Misses the Net.
7:44 of 3rd period - Shot by Jacob Moverare.
7:44 of 3rd period - Stopped by Calle Clang without a rebound.
7:45 of 3rd period - Sean Farrell wins face-off versus Rory Kerins in BOSTON WARRIORS zone.
8:09 of 3rd period - Shot by Alex Jefferies.
8:09 of 3rd period - Shot Blocked by Adam Wilsby.
8:11 of 3rd period - Shot by Rory Kerins.
8:11 of 3rd period - Stopped by Calle Clang with a rebound.
8:13 of 3rd period - Shot by Topias Vilen.
8:13 of 3rd period - Shot Misses the Net.
8:20 of 3rd period - Alex Jefferies is hit by Adam Engstrom and loses puck.
8:36 of 3rd period - Conor Timmins is hit by Justin Bailey and loses puck.
8:47 of 3rd period - Shot by Justin Sourdif.
8:47 of 3rd period - Shot Blocked by Adam Wilsby.
8:52 of 3rd period - Cole Schwindt is hit by Adam Engstrom and loses puck.
8:59 of 3rd period - Shot by Conor Timmins.
8:59 of 3rd period - Stopped by Calle Clang without a rebound.
9:00 of 3rd period - Aleksanteri Kaskimaki wins face-off versus Olle Lycksell in BOSTON WARRIORS zone.
9:06 of 3rd period - Minor Penalty to William Villeneuve for Elbowing.
9:07 of 3rd period - Matthew Phillips wins face-off versus Olle Lycksell in RHODE ISLAND BEARS zone.
9:35 of 3rd period - Shot by Rory Kerins.
9:35 of 3rd period - Shot Misses the Net.
9:54 of 3rd period - Off-side.
9:55 of 3rd period - Matthew Phillips wins face-off versus Sean Farrell in neutral zone.
10:10 of 3rd period - Topias Vilen is hit by Justin Bailey and loses puck.
11:20 of 3rd period - Shot by Jeremie Poirier.
11:20 of 3rd period - Shot Misses the Net.
11:30 of 3rd period - Shot by Carter Mazur.
11:30 of 3rd period - Stopped by Calle Clang without a rebound.
11:31 of 3rd period - Rory Kerins wins face-off versus Justin Janicke in BOSTON WARRIORS zone.
11:42 of 3rd period - Shot by Jared Wright.
11:42 of 3rd period - Shot Blocked by Jacob Moverare.
11:56 of 3rd period - Shot by Rory Kerins.
11:56 of 3rd period - Goal by Rory Kerins - RHODE ISLAND BEARS : 3 - BOSTON WARRIORS : 2.
11:57 of 3rd period - Sean Farrell wins face-off versus Cole Schwindt in neutral zone.
12:26 of 3rd period - Shot by Justin Bailey.
12:26 of 3rd period - Stopped by Artur Akhtyamov without a rebound.
12:27 of 3rd period - Aleksanteri Kaskimaki wins face-off versus Oscar Fisker Molgaard in RHODE ISLAND BEARS zone.
12:27 of 3rd period - Aleksanteri Kaskimaki is hit by Quentin Musty.
12:37 of 3rd period - Shot by Oscar Fisker Molgaard.
12:37 of 3rd period - Stopped by Artur Akhtyamov without a rebound.
12:38 of 3rd period - Rory Kerins wins face-off versus Olle Lycksell in RHODE ISLAND BEARS zone.
12:38 of 3rd period - Rory Kerins is hit by Kieffer Bellows.
13:23 of 3rd period - Icing by Rory Kerins.
13:24 of 3rd period - Sean Farrell wins face-off versus Alex Jefferies in RHODE ISLAND BEARS zone.
13:55 of 3rd period - Shot by Matthew Phillips.
13:55 of 3rd period - Deflect By Justin Sourdif.
13:55 of 3rd period - Stopped by Calle Clang with a rebound.
14:01 of 3rd period - Shot by Matthew Phillips.
14:01 of 3rd period - Deflect By Justin Sourdif.
14:01 of 3rd period - Shot Blocked by Adam Engstrom.
14:18 of 3rd period - Cole Schwindt is hit by Adam Engstrom and loses puck.
14:35 of 3rd period - Icing by William Villeneuve.
14:36 of 3rd period - Olle Lycksell wins face-off versus Aleksanteri Kaskimaki in RHODE ISLAND BEARS zone.
15:45 of 3rd period - Shot by Matthew Phillips.
15:45 of 3rd period - Deflect By Francesco Pinelli.
15:45 of 3rd period - Stopped by Calle Clang without a rebound.
15:46 of 3rd period - Cole Schwindt wins face-off versus Oscar Fisker Molgaard in BOSTON WARRIORS zone.
16:13 of 3rd period - Shot by Cole Schwindt.
16:13 of 3rd period - Stopped by Calle Clang without a rebound.
16:14 of 3rd period - Liam Foudy wins face-off versus Rory Kerins in BOSTON WARRIORS zone.
16:21 of 3rd period - Shot by Justin Bailey.
16:21 of 3rd period - Stopped by Artur Akhtyamov without a rebound.
16:22 of 3rd period - Rory Kerins wins face-off versus Olle Lycksell in RHODE ISLAND BEARS zone.
16:22 of 3rd period - Rory Kerins is hit by Kieffer Bellows.
16:25 of 3rd period - Icing by Cross Hanas.
16:26 of 3rd period - Rory Kerins wins face-off versus Olle Lycksell in RHODE ISLAND BEARS zone.
16:26 of 3rd period - Alex Jefferies is hit by Kieffer Bellows and loses puck.
16:57 of 3rd period - Tyler Tullio is hit by Jeremie Poirier and loses puck.
17:11 of 3rd period - Icing by Jeremie Poirier.
17:12 of 3rd period - Justin Bailey wins face-off versus Rory Kerins in RHODE ISLAND BEARS zone.
17:32 of 3rd period - Shot by Matthew Phillips.
17:32 of 3rd period - Shot Misses the Net.
17:34 of 3rd period - Shot by Emil Andrae.
17:34 of 3rd period - Shot Misses the Net.
17:42 of 3rd period - Shot by Cole Schwindt.
17:42 of 3rd period - Goal by Cole Schwindt - RHODE ISLAND BEARS : 4 - BOSTON WARRIORS : 2.
17:43 of 3rd period - Aleksanteri Kaskimaki wins face-off versus Jared Wright in neutral zone.
17:48 of 3rd period - Shot by Jacob Moverare.
17:48 of 3rd period - Stopped by Calle Clang with a rebound.
18:20 of 3rd period - Shot by Carter Mazur.
18:20 of 3rd period - Stopped by Calle Clang without a rebound.
18:21 of 3rd period - Cole Schwindt wins face-off versus Olle Lycksell in BOSTON WARRIORS zone.
19:20 of 3rd period - Shot by Cross Hanas.
19:20 of 3rd period - Shot Misses the Net.
19:30 of 3rd period - Shot by Cross Hanas.
19:30 of 3rd period - Stopped by Calle Clang with a rebound.
19:42 of 3rd period - Shot by Sean Farrell.
19:42 of 3rd period - Shot Hit the Post.
Goals for this period are 2 for RHODE ISLAND BEARS vs 0 for BOSTON WARRIORS.
Shots for this period are 14 for RHODE ISLAND BEARS vs 11 for BOSTON WARRIORS.